 Dungeon Crawl Stone Soup version 0.28.0 (webtiles) character file.

Game seed: 17435961747714025981

718 ragingrage the Cleaver (level 7, -3/96 HPs)
             Began as a Minotaur Berserker on Feb 7, 2022.
             Was a Priest of Trog.
             Slain by Duvessa (17 damage)
             ... on level 4 of the Dungeon.
             The game lasted 00:02:52 (3879 turns).

ragingrage the Cleaver (Minotaur Berserker)         Turns: 3879, Time: 00:02:53

Health: -3/96      AC:  9    Str: 24    XL:     7   Next: 42%
Magic:  6/6        EV:  8    Int:  4    God:    Trog [***...]
Gold:   58         SH:  0    Dex:  9    Spells: 6/6 levels left

rFire   . . .      SeeInvis +   b - +0 war axe
rCold   . . .      Faith    .   (no shield)
rNeg    . . .      Spirit   .   c - +0 chain mail
rPois   .          Reflect  .   (helmet restricted)
rElec   .          Harm     .   (no cloak)
rCorr   .          Rampage  .   j - +0 pair of gloves
Will    .....                   (no boots)
Stlth   ..........              k - amulet of the acrobat
HPRegen 0.26/turn               a - ring of see invisible
MPRegen 0.10/turn               (no ring)

@: berserking, very quick
A: horns 2, retaliatory headbutt
a: Renounce Religion, Berserk, Trog's Hand


You were on level 4 of the Dungeon.
You worshipped Trog.
Trog was most pleased with you.
You visited 1 branch of the dungeon, and saw 4 of its levels.

You collected 93 gold pieces.
You spent 35 gold pieces at shops.

Inventory:

Hand Weapons
 b - a +0 war axe (weapon)
Armour
 c - a +0 chain mail (worn)
 j - a +0 pair of gloves (worn)
Jewellery
 a - a ring of see invisible (left hand)
 k - an amulet of the acrobat (around neck)
 n - a ring of fire
Wands
 m - a wand of paralysis (8)
 q - a wand of charming (10)
Scrolls
 d - a scroll of magic mapping
 e - a scroll of noise {unknown}
 h - 2 scrolls of identify {unknown}
Potions
 f - a potion of cancellation {unknown}
 g - a potion of magic {unknown}
 i - a potion of curing
 l - a potion of degeneration {unknown}
 o - 2 potions of might {unknown}
 p - 2 potions of resistance {unknown}


   Skills:
 + Level 6.7 Fighting
 * Level 8.9 Axes
 - Level 2.4 Armour
 - Level 2.1 Dodging


You had 6 spell levels left.
You didn't know any spells.
Your spell library was empty.

Dungeon Overview and Level Annotations

Branches:
Dungeon (4/15)
 Temple: D:4-7

Altars:
Uskayaw

Shops:
D:1 =   D:2 *

Annotations:
D:4 exclusion: door, Duvessa


Innate Abilities, Weirdness & Mutations

You have a pair of horns on your head.
You reflexively headbutt those who attack you in melee.


Message History

Duvessa drinks a potion.
Duvessa is healed!
Dowan gestures at Duvessa while chanting.
Duvessa seems to speed up.
You slash Duvessa!
Duvessa is heavily wounded.
Duvessa hits you with a +1 short sword of speed. x2
You hit Duvessa but do no damage. Your headbutt misses Duvessa.
Duvessa is heavily wounded.
Dowan smirks and points a slender finger.
Duvessa hits you with a +1 short sword of speed!
Duvessa barely misses you.
You are too injured to fight recklessly!
You are too injured to fight recklessly!
You are too injured to fight recklessly!
You are too injured to fight recklessly!
You are too injured to fight recklessly!
You are too injured to fight recklessly!
You are too injured to fight recklessly!
You are too injured to fight recklessly!
A red film seems to cover your vision as you go berserk!
You feel yourself moving faster!
You feel mighty! Dowan barely misses you.
Duvessa hits you with a +1 short sword of speed!
Duvessa hits you but does no damage.
You slash Dowan! You headbutt Dowan!
You kill Dowan!
Trog accepts your kill.
Trog appreciates your killing of a magic user.
Duvessa weeps, and shakes her weapon.
Duvessa goes berserk!
You closely miss Duvessa.
Duvessa hits you with a +1 short sword of speed! x2
You hit Duvessa.
Duvessa is heavily wounded.
Duvessa hits you with a +1 short sword of speed!
* * * LOW HITPOINT WARNING * * *
You hit Duvessa.
Duvessa is heavily wounded.
Duvessa hits you with a +1 short sword of speed!
* * * LOW HITPOINT WARNING * * *
Duvessa hits you with a +1 short sword of speed!
You die...

#..........##
....###.....###...
..##.# ....## ...#
......
....####..## .....
..#.#....# ......
#.......# ......
##......########
##...
#.....e........##
.#..
##.)@..##+##..# .#
..........#...#..#
..
.#.##....##._.##.#
## ##...#.....#†#
# #...#.###.#.# #
....###.###.# #
#....##...##.# #
.....#.#.#(#.# ..
#..#((#.#


You could see Duvessa (berserk, fast).

Vanquished Creatures
  Sigmund (D:2)
  An ogre (D:4)
  A scorpion (D:4)
  Dowan (D:4)
  A jelly (D:4)
  2 hounds (D:4)
  Ijyb (D:4)
  An iguana (D:4)
  A hound skeleton (D:3)
  Robin (D:2)
  4 adders
  6 gnolls
  A worm (D:2)
  3 dart slugs
  An orc (D:4)
  7 endoplasms
  5 giant cockroaches
  12 goblins
  9 hobgoblins
  11 jackals
  A quokka (D:2)
  7 ball pythons
  11 bats
  4 frilled lizards
  8 kobolds
  A quokka skeleton (D:4)
  9 rats
111 creatures vanquished.

Notes
Turn   | Place    | Note
-------+----------+-------------------------------------------
     0 | D:1      | ragingrage the Minotaur Berserker began the quest for the
                  | Orb.
     0 | D:1      | Reached XP level 1. HP: 19/19 MP: 0/0
   566 | D:1      | Reached skill level 4 in Axes
   566 | D:1      | Reached XP level 2. HP: 23/27 MP: 1/1
  1034 | D:1      | Reached XP level 3. HP: 33/33 MP: 2/2
  1067 | D:1      | Found a faded altar of an unknown god.
  1070 | D:1      | Found Bikutu's Jewellery Emporium.
  1325 | D:2      | Reached ** piety under Trog
  1350 | D:2      | Reached skill level 5 in Axes
  1474 | D:2      | Noticed Sigmund
  1482 | D:2      | Killed Sigmund
  1483 | D:2      | Reached skill level 5 in Fighting
  1483 | D:2      | Reached skill level 6 in Axes
  1483 | D:2      | Reached XP level 4. HP: 39/42 MP: 3/3
  1483 | D:2      | Reached XP level 5. HP: 44/48 MP: 4/4
  1751 | D:2      | Found Kisoyxta's General Store.
  1789 | D:2      | Bought a scroll of magic mapping for 35 gold pieces
  2210 | D:2      | Reached skill level 7 in Axes
  2213 | D:2      | Noticed Robin
  2217 | D:2      | Reached XP level 6. HP: 56/56 MP: 5/5
  2221 | D:2      | Reached *** piety under Trog
  2227 | D:2      | Killed Robin
  3333 | D:4      | Reached skill level 8 in Axes
  3519 | D:4      | Noticed Ijyb
  3529 | D:4      | Killed Ijyb
  3530 | D:4      | Reached XP level 7. HP: 63/63 MP: 6/6
  3839 | D:4      | Noticed a +0 dagger
  3839 | D:4      | Noticed a +0 spear
  3839 | D:4      | Noticed a +0 short sword
  3840 | D:4      | Noticed a +0 short sword
  3840 | D:4      | Noticed a +0 spear
  3841 | D:4      | Noticed a +0 falchion
  3841 | D:4      | Noticed a +0 dagger
  3842 | D:4      | Noticed a +0 falchion
  3847 | D:4      | Found a hide-covered altar of Uskayaw.
  3867 | D:4      | Noticed Duvessa
  3868 | D:4      | Noticed Dowan
  3877 | D:4      | Killed Dowan
  3879 | D:4      | Slain by Duvessa

Illustrated notes

Levels and vault maps discovered:
D:1:      dpeg_arrival_brainrot, layout_rooms, serial_shops, shop,
          basic_ecumenical_altar
D:2:      layout_basic, serial_shops, shop, dk_noncrumbling_2, uniq_robin,
          uniq_sigmund
D:3:      layout_loops_cross, serial_bayou_pond_d
D:4:      layout_cave_pools, nicolae_ru_awakened_eye, nicolae_uskayaw_en_pointe,
          uniq_ijyb, uniq_duvessa

Skill      XL: |  1  2  3  4  5  6 |
---------------+-------------------+-----
Axes           | 4 6 7 8 |  8.9
Fighting       | 4 5 6 |  6.7
Armour         | |  2.4
Dodging        | |  2.1

Action                   |  1- 3 |  4- 6 |  7- 9 || total
-------------------------+-------+-------+-------++-------
Melee: Hand axe          |    46 |       |       ||    46
       War axe           |    27 |   119 |    29 ||   175
       Headbutt          |     8 |    26 |     8 ||    42
       Punch             |     1 |     3 |     2 ||     6
Invok: Berserk           |     2 |     4 |     1 ||     7
  Use: Potion            |       |     1 |       ||     1
Armor: Animal skin       |    11 |       |       ||    11
       Ring mail         |    12 |     1 |       ||    13
       Chain mail        |       |    48 |     9 ||    57
Dodge: Dodged            |    58 |    79 |    15 ||   152
